 Dungeon Crawl Stone Soup version 0.26-a0-818-g75db068ed4 (webtiles) character file.

Game seed: 8024757474307370751

262756 mandarbmax the Warrior (level 20, -10/150 HPs)
             Began as a Formicid Earth Elementalist on Nov 14, 2020.
             Was the Champion of Cheibriados.
             Mangled by a saltling (14 damage)
             ... in the Desolation of Salt on Nov 15, 2020.
             The game lasted 04:48:11 (57767 turns).

mandarbmax the Warrior (FoEE)                      Turns: 57767, Time: 04:48:12

Health: -10/150    AC: 25    Str: 31    XL:     20   Next: 81%
Magic:  0/34       EV: 23    Int: 40    God:    Cheibriados [******]
Gold:   2977       SH: 16    Dex: 30    Spells: 0/39 levels left

rFire    . . .     SeeInvis +   L - +4 great sword of Etuolos {spect, *Contam rN+ Dex+4 SInv}
rCold    + + .     Faith    .   Q - +2 kite shield {rN+}
rNeg     + + .     Spirit   +   g - +6 swamp dragon scales
rPois    +         Reflect  .   (helmet unavailable)
rElec    .         Harm     .   s - scarf {rC+ rF+}
rCorr    .         Rampage  .   D - +2 pair of gloves
MR       +....                  U - +2 pair of boots
Stlth    +++++.....             i - amulet of guardian spirit
HPRegen  0.35/turn              A - +6 ring of intelligence
MPRegen  0.24/turn              X - ring of ice

@: death channel, vulnerable, very slow
A: permanent stasis, dig shafts and tunnels, four strong arms, antennae 3, frail
1, screaming 1, weak 1
}: 2/15 runes: decaying, gossamer
a: Dig, Shaft Self, Bend Time, Temporal Distortion, Slouch, Step From Time,
Renounce Religion


You were in the Desolation of Salt.
You worshipped Cheibriados.
Cheibriados was exalted by your worship.
You visited 6 branches of the dungeon, and saw 33 of its levels.
You visited the Abyss 3 times.
You also visited: Sewer, Ossuary, Ice Cave and Desolation.

You collected 4395 gold pieces.
You spent 1418 gold pieces at shops.

Inventory:

Hand Weapons
 b - a +8 great sword of freezing
 B - the +5 fustibalus "Renungog" {freeze, Fragile +Blink rN+ SInv, unknown}
   (You found it on level 2 of the Abyss)

   It causes projectiles fired from it to freeze those they strike, causing
   extra injury to most foes and up to half again as much damage against
   particularly susceptible opponents.
   They can also slow down cold-blooded creatures.
   It protects you from negative energy.
   It lets you see invisible.
   It lets you blink.
   It will be destroyed if unequipped.
 L - the +4 great sword of Etuolos (weapon) {spect, *Contam rN+ Dex+4 SInv}
   (You found it on level 2 of the Abyss)

   It retains the spirit of the tree from which it was made.
   In the hands of one skilled in evocations this spirit is drawn out to fight
   along side the wielder.
   It affects your dexterity (+4).
   It protects you from negative energy.
   It lets you see invisible.
   It causes magical contamination when unequipped.
Missiles
 m - 87 poisoned darts (quivered)
 o - 699 stones
 t - 3 atropa-tipped darts
 F - 7 throwing nets
 H - 6 curare-tipped darts
Armour
 d - the +4 moon troll leather armour {Spirit, Regen++ MP+5}
   (You found it on level 4 of the Swamp)

   It affects your magic capacity (+5).
   It increases your rate of regeneration.
 g - +6 swamp dragon scales (worn)
 s - a scarf of resistance (worn)
 D - a +2 pair of gloves (worn)
 Q - a +2 kite shield of positive energy (worn)
 U - a +2 pair of boots (worn)
Magical Staves
 a - an uncursed staff of cold
 J - an uncursed staff of fire
Jewellery
 i - an amulet of guardian spirit (around neck)
 k - a +6 ring of intelligence
 A - a +6 ring of intelligence (left hand)
 X - a ring of ice (right hand)
Wands
 h - a wand of iceblast (21)
 n - a wand of enslavement (10)
 w - a wand of digging (29)
 y - a wand of acid (18)
 z - a wand of disintegration (13)
 K - a wand of polymorph (14)
 P - a wand of paralysis (17)
Scrolls
 c - 2 scrolls of summoning
 l - 13 scrolls of identify
 p - 3 scrolls of amnesia
 q - 2 scrolls of fear
 C - 16 scrolls of remove curse
 E - 2 scrolls of enchant armour
 G - 2 scrolls of magic mapping
 I - 3 scrolls of fog
 S - 4 scrolls of holy word
 V - a scroll of silence
 W - 4 scrolls of enchant weapon
Potions
 e - 4 potions of cancellation
 f - 3 potions of might
 j - 9 potions of brilliance
 r - 8 potions of attraction
 v - 5 potions of flight
 N - a potion of resistance
 R - 5 potions of curing
Miscellaneous
 x - a box of beasts
 O - a lightning rod (4/4)
 Y - a condenser vane
 Z - a phantom mirror


   Skills:
 * Level 16.8 Fighting
 - Level 9.0 Long Blades
 * Level 15.3 Armour
 + Level 10.9 Dodging
 - Level 10.0 Stealth
 - Level 9.0 Shields
 - Level 10.0 Spellcasting
 - Level 5.0 Summonings
 + Level 8.1 Necromancy
   Level 3.0 Transmutations
 + Level 8.1 Ice Magic
 - Level 14.0 Earth Magic
 - Level 10.0 Invocations
 - Level 10.0 Evocations


You couldn't memorise any spells.
You knew the following spells:

 Your Spells              Type           Power        Failure   Level
a - Death Channel         Necr           ######....   12%         6
b - Stone Arrow           Conj/Erth      ######       1%          3
c - Lee's Rapid Deconstr  Erth           #######...   1%          5
d - Frozen Ramparts       Ice            ######       1%          3
e - Ozocubu's Armour      Ice            #######.     1%          3
f - Summon Ice Beast      Ice/Summ       #######.     1%          4
g - Passage of Golubria   Tloc           N/A          22%         4
h - Simulacrum            Ice/Necr       #######...   12%         6
i - Borgnjor's Vile Clut  Necr/Erth      #######...   1%          5

Your spell library contained the following spells:

 Spells                   Type           Power        Failure   Level
 Sandblast                Erth           ######       0%          1
 Beastly Appendage        Tmut           #####.       1%          1
 Freeze                   Ice            ####         1%          1
 Ensorcelled Hibernation  Hex/Ice        ######       1%          2
 Passwall                 Tmut/Erth      ######..     1%          2
 Wereblood                Tmut           #####...     1%          2
 Animate Dead             Necr           ######....   1%          4
 Petrify                  Tmut/Erth      ######..     1%          4
 Corona                   Hex            ###....      2%          1
 Foxfire                  Conj/Fire      ###.         2%          1
 Shock                    Conj/Air       ###.         2%          1
 Ice Form                 Ice/Tmut       #######.     2%          4
 Spider Form              Tmut/Pois      ####......   3%          3
 Hailstorm                Conj/Ice       ######..     4%          4
 Confusing Touch          Hex            ###.....     7%          3
 Conjure Flame            Conj/Fire      ###.....     7%          3
 Dazzling Flash           Conj/Hex       ###...       7%          3
 Gell's Gravitas          Tloc           ###.......   7%          3
 Inner Flame              Hex/Fire       ###.....     7%          3
 Lesser Beckoning         Tloc           ###.......   7%          3
 Static Discharge         Conj/Air       ###.....     7%          3
 Teleport Other           Tloc           ###.....     7%          3
 Tukima's Dance           Hex            ###.....     7%          3
 Blade Hands              Tmut           #####.....   19%         5
 Airstrike                Air            ###.......   22%         4
 Sticky Flame             Conj/Fire      ###.....     22%         4
 Fireball                 Conj/Fire      ###.......   52%         5
 Lightning Bolt           Conj/Air       ###.......   52%         5
 Blink                    Tloc           Unusable     N/A         2
 Swiftness                Air            Unusable     N/A         2

Dungeon Overview and Level Annotations

Branches:
Dungeon (15/15)            Temple (0/1) D:6            Lair (6/6) D:9
  Swamp (4/4) Lair:3       Spider (4/4) Lair:3        Slime (0/5) Lair:5
    Orc (2/2) D:11            Elf (0/3) Orc:2        Vaults (2/5) D:14
 Depths (0/5) D:15          Sewer (visited)         Ossuary (visited)
  IceCv (visited)         Desolation (1/1)
  Crypt: Vaults:2-3

Altars:
Cheibriados
Dithmenos
Fedhas
Gozag
Nemelex Xobeh
Qazlal
Sif Muna
Trog
Uskayaw
Wu Jian
Yredelemnul
Beogh

Shops:
D:14 ?   Orc:2 (}??[

Portals:
Abyss: Spider:2
Trove: D:14 (give +8 demon trident)

Annotations:
D:13 3 runed translucent doors
Spider:1 2 transporters, exclusion: orange crystal statue
Spider:2 2 transporters, Qyadack's ghost, adept HOFi


Innate Abilities, Weirdness & Mutations

You cannot be hasted, slowed, berserked, paralysed or teleported.
You can dig through walls and to a lower floor.
Your four strong arms can wield two-handed weapons with a shield.
You have a pair of large antennae on your head. (SInv)
You are frail. (-10% HP)
You occasionally shout uncontrollably at your foes.
You are weak. (Str -2)


Message History

Okay, then.
Okay, then.
Evoke which item? (* to show all) (? for menu, Esc to quit)
Okay, then.
Okay, then.
Evoke which item? (* to show all) (? for menu, Esc to quit)
Okay, then.
Okay, then.
You feel better. You block the saltling's attack.
The guardian serpent misses you. The saltling completely misses you.
The imperial myrmidon hits you with a +0 double sword!!
* * * LOW HITPOINT WARNING * * *
You block the peacekeeper's attack. x2; You block the saltling's attack.
The servant of whispers barely misses you.
The saltling barely misses you. The guardian serpent hits you.
* * * LOW HITPOINT WARNING * * *
The saltling hits you.
* * * LOW HITPOINT WARNING * * *
The saltling hits you!
You die...

.................#.....
................#.......
.....∩..................
........................
.....∩..................
...........#............
..........##....p(......
..........#....p98......
...............8@S8.....
...............888......
........................
#.......................
........................
........................
.......................
............#.........


You could see a servant of whispers (stilling wind), an imperial myrmidon, a
peacekeeper, a guardian serpent (drained), a molten gargoyle, 5 saltlings and a
friendly +4 great sword of Etuolos {spect, *Contam rN+ Dex+4 SInv} (summoned).

Vanquished Creatures
  Nikola (Swamp:3)
  A lich (Vaults:1)
  A sphinx (Vaults:1)
  A tentacled starspawn (Abyss:3)
  A tengu reaver (D:13)
  The ghost of dolemite99 the Spear-Bearer, an adept MfVM of Vehumet (Lair:2)
  2 vault wardens (Vaults:1)
  2 ghost moths (Spider:4)
  An angel (Abyss:2)
  6 emperor scorpions (Spider:4)
  A cacodemon (Abyss:3)
  An orc warlord (Orc:1)
  The ghost of Lunuam the Fighter, a journeyman GnDe of Dithmenos (D:15)
  A very ugly thing (Swamp:4)
  A stone giant (Vaults:2)
  4 entropy weavers
  4 bunyips
  3 eleionomae
  An eidolon (Abyss:2)
  Snorg (Lair:5)
  A ragged hierophant (Desolation)
  2 death oozes (Swamp:4)
  3 blizzard demons
  2 green deaths (Swamp:4)
  2 shambling mangroves
  A yaktaur captain (D:13)
  3 vault guards
  2 servants of whispers (Desolation)
  Erolcha (D:10)
  A rakshasa (D:14)
  10 hydras
  Harold (D:7)
  7 ghost crabs
  4 boulder beetles
  An anaconda (Lair:4)
  A queen ant (D:11)
  A centaur warrior (D:13)
  6 two-headed ogres
  2 alligators
  A catoblepas (Lair:6)
  3 ogre magi (Vaults:1)
  6 tengu warriors (D:13)
  3 goliath frogs
  A shock serpent (shapeshifter) (D:14)
  2 storm dragon zombies (D:15)
  2 thrashing horrors (Abyss:2)
  A wretched star (Abyss:2)
  2 sixfirhies
  6 unseen horrors
  A flayed ghost (Vaults:1)
  A storm dragon skeleton (D:15)
  6 skeletal warriors
  2 deep trolls (Vaults:1)
  3 spriggan druids (Swamp:1)
  2 deep elf archers
  A deep troll (shapeshifter) (Vaults:2)
  A glowing orange brain (Vaults:1)
  4 swamp dragons (Swamp:4)
  A lindwurm (Lair:5)
  2 wizards
  4 bog bodies
  5 harpies
  A phantasmal warrior (D:15)
  3 necromancers
  14 orc knights
  4 ironbrand convokers
  3 oklob plants
  A fire giant zombie (D:15)
  21 wolf spiders
  2 orc sorcerers
  A deep elf mage (D:13)
  7 cyclopes
  10 ugly things
  2 will-o-the-wisps (Swamp:2)
  9 orb spiders
  3 manticores
  10 black mambas
  A guardian serpent (Lair:6)
  8 elephants
  3 vault sentinels (Vaults:1)
  An eye of devastation (Abyss:3)
  18 cane toads
  A smoke demon (Abyss:2)
  3 gargoyles
  3 apocalypse crabs (Swamp:1)
  Psyche (D:9)
  Maggie (D:7)
  3 orange demons
  6 rime drakes
  An ice statue (IceCv)
  An efreet (D:14)
  A hellion (Abyss:2)
  7 yaktaurs
  11 komodo dragons
  4 freezing wraiths
  An anaconda simulacrum (IceCv)
  4 demonic crawlers
  A golden dragon simulacrum (IceCv)
  4 ice devils (IceCv)
  A guardian mummy (D:15)
  13 jumping spiders
  A queen bee (shapeshifter) (Vaults:1)
  2 wind drakes (Abyss:2)
  4 bloated husks (Swamp:2)
  10 trolls
  8 tyrant leeches
  13 blink frogs
  19 hornets
  4 saltlings
  Prince Ribbit (D:7)
  13 slime creatures
  A raiju (Abyss:2)
  6 dream sheep (Lair:6)
  6 spriggans
  5 shadows
  13 tarantellas
  5 wraiths
  73 redbacks
  2 dire elephant simulacra (IceCv)
  A spriggan (shapeshifter) (Vaults:1)
  3 water elementals
  44 yaks
  14 wyverns
  2 fire elementals
  19 humans (D:14)
  4 fire bats (Abyss:2)
  5 basilisks
  3 death yak simulacra (IceCv)
  A chaos spawn (Abyss:2)
  A neqoxec (Abyss:2)
  7 vampire mosquitoes
  3 harpy simulacra (IceCv)
  5 insubstantial wisps (Lair:3)
  7 large abominations
  3 wargs
  3 hydra simulacra (IceCv)
  14 swamp worms
  3 iron troll simulacra (IceCv)
  6 soldier ants (D:11)
  3 acid dragons
  38 water moccasins
  4 small abominations
  Purgy (Sewer)
  3 swamp drakes
  6 sky beasts
  3 ice beasts
  5 black bears
  64 orc warriors
  3 starcursed masses (Abyss:3)
  An ice dragon simulacrum (Abyss:3)
  2 eyes of draining
  An ice beast (shapeshifter) (D:13)
  2 necrophages
  An ettin simulacrum (IceCv)
  5 phantoms
  10 wolves
  2 boggarts (Vaults:2)
  18 ogres
  22 centaurs
  17 bullfrogs
  A big kobold (D:13)
  8 scorpions
  2 wyvern skeletons
  10 wights
  13 killer bees
  7 howler monkeys
  2 nameless horrors
  A vampire bat (Abyss:2)
  6 electric eels
  2 quasits
  2 bullfrog zombies (D:9)
  4 centaur zombies
  A draconian simulacrum (IceCv)
  6 hounds
  23 orc wizards
  5 bullfrog skeletons
  14 jellies
  15 orc priests
  7 centaur skeletons
  7 iguanas
  A polar bear simulacrum (IceCv)
  31 worker ants
  A spriggan simulacrum (IceCv)
  2 troll simulacra (IceCv)
  2 wolf simulacra (IceCv)
  2 centaur simulacra (IceCv)
  2 hound zombies
  A hound skeleton (D:4)
  16 gnolls
  4 worker ant zombies
  14 adders
  6 naga simulacra (IceCv)
  4 ogre simulacra (IceCv)
  4 shadow imps
  6 white imps
  14 ufetubi
  3 adder zombies
  5 adder skeletons
  4 dart slugs
  3 leopard geckos
  101 orcs
  3 ball pythons
  7 giant cockroaches
  2 goblins (D:1)
  11 hobgoblins
  9 jackals
  12 kobolds
  7 quokkas
  5 ball python skeletons
  7 bats
  4 frilled lizards
  2 giant cockroach zombies (D:3)
  2 hobgoblin skeletons (Ossuary)
  A hobgoblin zombie (Ossuary)
  A jackal skeleton (D:4)
  A jackal zombie (D:3)
  A kobold zombie (Ossuary)
  A leopard gecko skeleton (D:3)
  A leopard gecko zombie (D:7)
  An orc skeleton (Ossuary)
  An orc zombie (Ossuary)
  9 rats
  A bush (Lair:6)
  A butterfly (Abyss:2)
1332 creatures vanquished.

Vanquished Creatures (collateral kills)
  Mara (Swamp:2)
  Frances (Swamp:1)
  Donald (Swamp:3)
  A vault warden (Vaults:2)
  2 ironheart preservers
  An entropy weaver (Spider:1)
  2 eleionomae
  A fire dragon (Lair:6)
  A yaktaur captain (D:13)
  An ice dragon (Vaults:1)
  A hell beast (Swamp:4)
  8 hydras
  A ghost crab (Swamp:1)
  An alligator (Swamp:2)
  6 goliath frogs
  Nergalle (Lair:3)
  A deep troll (Vaults:1)
  A spriggan druid (Swamp:1)
  5 bog bodies
  A swamp dragon (Lair:6)
  An ironbrand convoker (Vaults:2)
  An orc knight (Vaults:1)
  2 orb spiders (Spider:1)
  2 ugly things
  8 wolf spiders
  2 moths of wrath (Spider:1)
  A cyclops (D:13)
  2 will-o-the-wisps
  Maurice (Orc:1)
  2 cane toads
  2 yaktaurs (Vaults:1)
  4 demonic crawlers
  9 jumping spiders
  9 hornets
  4 tyrant leeches
  2 saltlings (Vaults:2)
  5 slime creatures (Swamp:4)
  29 redbacks
  4 spriggans
  8 tarantellas
  A vampire mosquito (D:13)
  2 steam dragons (Lair:6)
  5 swamp worms
  An acid dragon (Lair:6)
  2 spatial vortices (Abyss:2)
  A water moccasin (Lair:6)
  3 orc warriors (Vaults:1)
  A bullfrog (Lair:4)
  A killer bee (D:12)
  4 starcursed masses (Abyss:3)
  An orc priest (Vaults:1)
  A jelly (D:12)
  An orc wizard (Vaults:1)
  4 iguanas (Lair:6)
  5 hell rats (Lair:6)
  7 orcs
  A bat (shapeshifter) (Vaults:1)
177 creatures vanquished.

Vanquished Creatures (others)
  A hydra (Swamp:3)
  2 goliath frogs
  A spriggan druid (Swamp:1)
  An ironbrand convoker (Vaults:1)
  2 bloated husks
  A hound (D:13)
  2 white imps (IceCv)
  2 ufetubi (IceCv)
  4 bushes (Lair:6)
  2 butterflies (Abyss:2)
  A fire vortex (Lair:1)
  14 foxfires
  92 fungi
  184 plants
  2 starspawn tentacles (Abyss:3)
  12 withered plants (D:15)
323 creatures vanquished.

Grand Total: 1832 creatures vanquished

Notes
Turn   | Place    | Note
-------+----------+-------------------------------------------
     0 | D:1      | mandarbmax the Formicid Earth Elementalist began the quest
                  | for the Orb.
     0 | D:1      | Reached XP level 1. HP: 13/13 MP: 3/3
   199 | D:1      | Reached XP level 2. HP: 18/19 MP: 5/5
   411 | D:1      | Reached XP level 3. HP: 21/24 MP: 1/6
   725 | D:2      | Learned a level 3 spell: Stone Arrow
   986 | D:2      | Found a hide-covered altar of Uskayaw.
  1502 | D:2      | Reached skill level 1 in Armour
  1502 | D:2      | Reached skill level 1 in Shields
  1502 | D:2      | Reached XP level 4. HP: 25/30 MP: 1/7
  1516 | D:2      | Reached skill level 5 in Earth Magic
  1941 | D:2      | Found a snail-covered altar of Cheibriados.
  1950 | D:2      | Became a worshipper of Cheibriados the Contemplative
  2433 | D:3      | Found an opulent altar of Gozag.
  2545 | D:3      | Noticed a sky beast
  2564 | D:3      | Killed a sky beast
  2564 | D:3      | Reached XP level 5. HP: 22/35 MP: 6/8
  2694 | D:3      | Reached XP level 6. HP: 41/41 MP: 9/9
  3528 | D:4      | Reached * piety under Cheibriados
  3535 | D:4      | Learned a level 5 spell: Lee's Rapid Deconstruction
  3540 | D:4      | Noticed a phantom
  3553 | D:4      | Killed a phantom
  3585 | D:4      | Reached XP level 7. HP: 16/46 MP: 1/10
  3663 | D:4      | Found a sand-covered staircase.
  3678 | Ossuary  | Entered an ossuary
  4111 | Ossuary  | Noticed a wraith
  4111 | Ossuary  | Noticed a flying skull
  4119 | Ossuary  | Noticed a flying skull
  4122 | Ossuary  | Noticed a wraith
  4128 | Ossuary  | Killed a wraith
  4198 | Ossuary  | Noticed a flying skull
  4230 | Ossuary  | Noticed a wraith
  4238 | Ossuary  | Killed a wraith
  4238 | Ossuary  | Reached XP level 8. HP: 27/52 MP: 0/11
  4400 | Ossuary  | Noticed a flying skull
  4438 | Ossuary  | Reached skill level 10 in Earth Magic
  4558 | D:4      | Reached ** piety under Cheibriados
  5381 | D:5      | Entered Level 5 of the Dungeon
  5382 | D:5      | Reached *** piety under Cheibriados
  5387 | D:5      | Reached XP level 9. HP: 57/57 MP: 10/12
  5964 | D:5      | Reached skill level 2 in Fighting
  6048 | D:5      | Reached **** piety under Cheibriados
  6448 | D:5      | Learned a level 4 spell: Petrify
  6477 | D:5      | Reached skill level 3 in Fighting
  6538 | D:5      | Found a shadowy altar of Dithmenos.
  6851 | D:6      | Found a glowing drain.
  6873 | Sewer    | Entered a sewer
  6956 | Sewer    | Noticed Purgy
  6958 | Sewer    | Killed Purgy
  6958 | Sewer    | Reached skill level 4 in Fighting
  6958 | Sewer    | Reached skill level 1 in Invocations
  7322 | D:6      | Reached ***** piety under Cheibriados
  7695 | D:6      | Found a staircase to the Ecumenical Temple.
  7851 | D:6      | Found a basalt altar of Yredelemnul.
  7852 | D:6      | Found a shimmering blue altar of Sif Muna.
  7853 | D:6      | Found a sparkling altar of Nemelex Xobeh.
  8142 | D:7      | Reached skill level 5 in Invocations
  8334 | D:7      | Noticed Maggie
  8341 | D:7      | Killed Maggie
  8341 | D:7      | Reached XP level 10. HP: 35/71 MP: 1/16
  8807 | D:7      | Noticed Harold
  8851 | D:7      | Killed Harold
  9152 | D:7      | Noticed Prince Ribbit
  9173 | D:7      | Killed Prince Ribbit
  9849 | D:8      | Found a stormy altar of Qazlal.
 10539 | D:8      | Found an ornate altar of the Wu Jian Council.
 10729 | D:8      | Found a blossoming altar of Fedhas.
 10829 | D:9      | Reached ****** piety under Cheibriados
 10854 | D:9      | Noticed a komodo dragon
 10864 | D:9      | Killed a komodo dragon
 10864 | D:9      | Reached XP level 11. HP: 57/78 MP: 3/23
 11029 | D:9      | Reached skill level 5 in Fighting
 11393 | D:9      | Reached skill level 5 in Armour
 11536 | D:9      | Found a staircase to the Lair.
 11775 | D:9      | Noticed Psyche
 11780 | D:9      | Killed Psyche
 11780 | D:9      | Reached skill level 6 in Fighting
 12473 | D:10     | Entered Level 10 of the Dungeon
 12814 | D:10     | Noticed an orc knight
 12823 | D:10     | Killed an orc knight
 12823 | D:10     | Reached skill level 1 in Evocations
 13026 | D:10     | Noticed a two-headed ogre
 13028 | D:10     | Killed a two-headed ogre
 13028 | D:10     | Reached skill level 7 in Fighting
 13294 | D:10     | Noticed Erolcha
 13296 | D:10     | Killed Erolcha
 13983 | D:10     | Noticed a cyclops
 13987 | D:10     | Killed a cyclops
 14213 | D:11     | Reached XP level 12. HP: 92/92 MP: 22/24
 14474 | D:11     | Reached skill level 8 in Fighting
 14817 | D:11     | Learned a level 3 spell: Ozocubu's Armour
 14853 | D:11     | Noticed a queen ant
 15069 | D:11     | Killed a queen ant
 15069 | D:11     | Reached skill level 5 in Evocations
 15426 | D:11     | You fall into a shaft and drop 3 floors!
 15427 | D:14     | Noticed a boulder beetle
 15438 | D:14     | Reached skill level 9 in Fighting
 15468 | D:14     | Killed a boulder beetle
 15468 | D:14     | Reached skill level 5 in Dodging
 15468 | D:14     | Reached skill level 1 in Ice Magic
 15710 | D:14     | Noticed an unseen horror
 15714 | D:14     | Noticed a rakshasa
 15720 | D:14     | Killed an unseen horror
 15723 | D:14     | Killed a rakshasa
 15814 | D:14     | Reached skill level 5 in Ice Magic
 15820 | D:14     | Learned a level 4 spell: Summon Ice Beast
 16102 | D:13     | Reached skill level 5 in Stealth
 16177 | D:13     | Noticed a skeletal warrior
 16180 | D:13     | Killed a skeletal warrior
 16180 | D:13     | Reached XP level 13. HP: 101/101 MP: 18/25
 16543 | D:14     | Found Gercharche's Magic Scroll Emporium.
 16584 | D:12     | Reached skill level 5 in Summonings
 16854 | D:12     | Noticed a six-headed hydra
 16859 | D:12     | Killed a six-headed hydra
 16861 | D:12     | Reached skill level 10 in Fighting
 17161 | D:12     | Noticed a boulder beetle
 17172 | D:12     | Killed a boulder beetle
 18020 | D:11     | Found a staircase to the Orcish Mines.
 18966 | D:13     | Reached skill level 1 in Long Blades
 19169 | D:13     | Found a runed translucent gate.
 19169 | D:13     | Found a runed translucent gate.
 19169 | D:13     | Found a runed translucent gate.
 19170 | D:13     | Noticed a tengu reaver
 19174 | D:13     | Noticed a yaktaur captain
 19175 | D:13     | Noticed a yaktaur captain
 19177 | D:13     | Found the +3 giant club "Skullcrusher" {speed, Str+7}
 19578 | D:13     | Found a runed translucent gate.
 19578 | D:13     | Found a runed translucent gate.
 19578 | D:13     | Found a runed translucent gate.
 19740 | D:13     | Reached skill level 10 in Armour
 19740 | D:13     | Reached XP level 14. HP: 89/110 MP: 14/26
 20050 | D:13     | Identified the +0 robe of Nemelex Xobeh's Hope {rC+}
 20305 | D:13     | Reached skill level 5 in Long Blades
 21306 | D:13     | Reached skill level 5 in Shields
 21595 | D:13     | Upgraded the game from 0.26-a0-812-g31a745ddcd to
                  | 0.26-a0-818-g75db068ed4
 21598 | D:13     | Killed a tengu reaver
 21920 | D:14     | Got a bloodstained leather armour
 21931 | D:14     | Identified the +1 leather armour "Jasoohoa" {rPois Stlth+}
                  | (You found it on level 14 of the Dungeon)
 22112 | D:14     | Cast into level 2 of the Abyss (a wizard)
 22139 | D:14     | Escaped the Abyss
 22299 | D:14     | Found a gate to the Vaults.
 22398 | D:14     | Found a portal to a secret trove of treasure.
 22426 | D:14     | Reached XP level 15. HP: 60/115 MP: 1/27
 22686 | D:14     | Bought a scroll of summoning for 114 gold pieces
 22686 | D:14     | Bought a scroll of enchant armour for 90 gold pieces
 22686 | D:14     | Bought a scroll of enchant armour for 90 gold pieces
 22686 | D:14     | Bought a scroll of amnesia for 42 gold pieces
 22686 | D:14     | Bought a scroll of fear for 42 gold pieces
 23282 | Lair:1   | Entered Level 1 of the Lair of Beasts
 25117 | Lair:2   | Found a runed translucent door.
 25118 | Lair:2   | Noticed dolemite99's ghost (adept MfVM)
 26158 | Lair:2   | Learned a level 4 spell: Passage of Golubria
 26329 | Lair:3   | Noticed Nergalle
 26341 | Lair:3   | Killed Nergalle
 26414 | Lair:3   | Found a hole to the Spider Nest.
 26848 | Lair:3   | Found a staircase to the Swamp.
 27003 | Lair:3   | Found a sparkling altar of Nemelex Xobeh.
 27769 | Lair:4   | Reached skill level 11 in Fighting
 28292 | Lair:4   | Found a bloodstained altar of Trog.
 29147 | Lair:5   | Noticed Snorg
 29170 | Lair:5   | Killed Snorg
 29350 | Lair:5   | Reached skill level 12 in Fighting
 29868 | Lair:5   | Found a staircase to the Slime Pits.
 30613 | Lair:6   | Entered Level 6 of the Lair of Beasts
 30848 | Lair:6   | Reached XP level 16. HP: 127/127 MP: 10/28
 32390 | Lair:6   | Learned a level 6 spell: Simulacrum
 32464 | Lair:6   | Reached skill level 1 in Necromancy
 33685 | Lair:6   | Got an encrusted dire flail
 33686 | Lair:6   | Identified the +6 dire flail of Extremism {speed, *Drain
                  | rC- Int+6 SInv} (You found it on level 6 of the Lair of
                  | Beasts)
 34060 | Lair:6   | Reached skill level 10 in Spellcasting
 34153 | Lair:6   | Learned a level 5 spell: Borgnjor's Vile Clutch
 34360 | Orc:1    | Entered Level 1 of the Orcish Mines
 34423 | Orc:1    | Noticed Maurice
 34452 | Orc:1    | Killed Maurice
 34795 | Orc:1    | Reached skill level 5 in Necromancy
 35256 | Orc:2    | Entered Level 2 of the Orcish Mines
 35256 | Orc:2    | Found Jelelade's Antique Weapon Shoppe.
 36392 | Orc:2    | Found a staircase to the Elven Halls.
 36672 | Orc:2    | Found Kerraita's Magic Scroll Emporium.
 36672 | Orc:2    | Found Atickusi's Magic Scroll Shop.
 36674 | Orc:2    | Found Plog's Antique Armour Boutique.
 36676 | Orc:2    | Found Ruosecw's Gadget Shoppe.
 36694 | Orc:2    | Bought a condenser vane for 520 gold pieces
 36694 | Orc:2    | Bought a phantom mirror for 520 gold pieces
 36813 | D:15     | Entered Level 15 of the Dungeon
 37342 | D:15     | Found a runed translucent gate.
 37342 | D:15     | Identified the cursed +3 broad axe of Causality {freeze,
                  | rPois rC+ Str+2 Int-4}
 37344 | D:15     | Found a runed translucent gate.
 37344 | D:15     | Noticed Lunuam's ghost (journeyman GnDe)
 37345 | D:15     | Found a runed translucent gate.
 37346 | D:15     | Found a roughly hewn altar of Beogh.
 37377 | D:15     | Identified a scroll of acquirement
 37378 | D:15     | Acquired a scarf of resistance
 37643 | D:15     | Reached XP level 17. HP: 135/135 MP: 6/31
 37757 | D:15     | Found a staircase to the Depths.
 38408 | D:15     | Learned a level 6 spell: Death Channel
 38428 | D:15     | Killed Lunuam's ghost
 38490 | D:15     | Got a scorched glaive
 38491 | D:15     | Identified the cursed +2 glaive of Dissolution {vorpal,
                  | +Blink +Rage MR+} (You found it on level 15 of the Dungeon)
 38894 | Spider:1 | Entered Level 1 of the Spider Nest
 38911 | Spider:1 | TerrariaFan: hi what spell did u use
 38922 | Spider:1 | Reached skill level 13 in Fighting
 38945 | Spider:1 | Found a transporter.
 38945 | Spider:1 | Found a transporter.
 39110 | Spider:1 | mandarbmax: sorry for the slow response
 39110 | Spider:1 | mandarbmax: what spell?
 39110 | Spider:1 | mandarbmax: when?
 39110 | Spider:1 | mandarbmax: tbh probably miscast a spell
 40204 | Lair:2   | Killed dolemite99's ghost
 41109 | Spider:2 | Found a transporter.
 41118 | Spider:2 | Found a transporter.
 41135 | Spider:2 | Noticed Qyadack's ghost (adept HOFi)
 41135 | Spider:2 | Noticed a Hell Sentinel
 41154 | Spider:2 | Found a one-way gate to the infinite horrors of the Abyss.
 41670 | Spider:3 | Reached skill level 10 in Evocations
 41810 | Spider:3 | Reached skill level 14 in Fighting
 42455 | Spider:4 | Entered Level 4 of the Spider Nest
 43230 | Spider:4 | Reached XP level 18. HP: 146/146 MP: 12/32
 44895 | Spider:4 | Got a gossamer rune of Zot
 45288 | Swamp:1  | Entered Level 1 of the Swamp
 46205 | Swamp:1  | Found a runed translucent door.
 46729 | Swamp:1  | Identified the +10 broad axe of Bijeb {freeze, *Contam
                  | +Blink rN++ SInv}
 46851 | Swamp:1  | Noticed Frances
 46859 | Swamp:1  | Killed Frances
 47227 | Swamp:2  | Reached skill level 10 in Invocations
 47759 | Swamp:2  | Reached skill level 10 in Stealth
 48543 | Swamp:3  | Noticed Mara
 48550 | Swamp:3  | Noticed Nikola
 48578 | Swamp:2  | Killed Mara
 48579 | Swamp:2  | Reached XP level 19. HP: 67/152 MP: 1/33
 48863 | Swamp:3  | Found a frozen archway.
 48880 | IceCv    | Entered an ice cave
 50653 | Swamp:3  | Identified the cursed +0 kite shield of the Bard {rPois
                  | rCorr}
 50653 | Swamp:3  | Noticed Donald
 50666 | Swamp:3  | Killed Donald
 51119 | Swamp:3  | Killed Nikola
 51691 | Swamp:4  | Entered Level 4 of the Swamp
 52072 | Swamp:4  | Reached skill level 15 in Fighting
 52292 | Swamp:4  | Found the +4 moon troll leather armour {Spirit, Regen++
                  | MP+5}
 53027 | Swamp:4  | Reached skill level 10 in Dodging
 53398 | Swamp:4  | Got a decaying rune of Zot
 53841 | Vaults:1 | Entered Level 1 of the Vaults
 53848 | Vaults:1 | Noticed a lich
 53851 | Vaults:1 | Cast into level 2 of the Abyss (ogre mage)
 53899 | Abyss:2  | Gained mutation: You are weak. (Str -2) [a neqoxec]
 53926 | Abyss:2  | Got a transparent fustibalus
 53963 | Abyss:2  | Got a steaming great sword
 53964 | Abyss:2  | Identified the +4 great sword of Etuolos {spect, *Contam
                  | rN+ Dex+4 SInv} (You found it on level 2 of the Abyss)
 53989 | Abyss:2  | Reached XP level 20. HP: 133/164 MP: 10/34
 54065 | Vaults:1 | Escaped the Abyss
 54354 | Vaults:1 | Cast into level 2 of the Abyss (ogre mage)
 54446 | Abyss:3  | Gained mutation: You are frail. (-10% HP) [a cacodemon]
 54447 | Abyss:3  | Gained mutation: You occasionally shout uncontrollably at
                  | your foes. [a cacodemon]
 54456 | Abyss:3  | Reached skill level 16 in Fighting
 54478 | Abyss:3  | Found a corrupted altar of Lugonu.
 54530 | Abyss:3  | Found a corrupted altar of Lugonu.
 54541 | Vaults:1 | Escaped the Abyss
 55911 | Vaults:1 | Learned a level 3 spell: Frozen Ramparts
 56149 | Vaults:1 | Reached skill level 15 in Armour
 57600 | Vaults:2 | Found a ruined gateway.
 57625 | Desolati | Entered the Desolation of Salt
 57767 | Desolati | HP: 5/150 [guardian serpent (3)]
 57767 | Desolati | Mangled by a saltling

Illustrated notes

Levels and vault maps discovered:
D:1:      heliophobic_arrival_henge, layout_basic
D:2:      layout_basic, cheibriados_altar_1, old_standard_altar,
          wander_ebering_terrifying_dragon_lair
D:3:      layout_loops_corners, lemuel_round_altar, serial_undead,
          serial_undead_f, serial_undead_a, serial_undead_d, serial_undead_a,
          serial_undead_c, serial_undead_f, serial_undead_d, serial_undead_f,
          minmay_cut_off
D:4:      layout_loops_ring, nicolae_ossuary_entry_ruins, cheibrodos_gnoll_hut
D:5:      layout_cave_pools, lemuel_crystal_altar, minmay_misc_feat_pillars
D:6:      layout_layer_cave, grunt_temple_overflow_open,
          minmay_temple_entry_crystal_x, gup_sewer_entry_glass,
          minmay_misc_feat_enclosed
D:7:      layout_loops_ring, uniq_maggie, uniq_harold, uniq_prince_ribbit1
D:8:      layout_basic, grunt_temple_overflow_forces_of_nature,
          nicolae_overflow_crystal_walls
D:9:      layout_basic, due_lair_maze_entry_diamond, nicolae_zen_rock_garden,
          corexii_corridor_pit, minmay_hedge_maze, dk_vineyard_2, uniq_psyche
D:10:     cheibrodos_orc_bank, layout_gridville, uniq_erolcha
D:11:     layout_stronghold, david_orc_2, minmay_another_anthill
D:12:     layout_loops_cross
D:13:     kennysheep_treasure_stockpile, layout_loops_ring, hangedman_aviary
D:14:     layout_basic, grunt_vaults_entry_tiered,
          nicolae_trove_entry_crossroad, serial_shops, nicolae_shop_waterfront
D:15:     gammafunk_depths_entry_grave, layout_basic,
          biasface_ghost_orc_armoury, chequers_hall_statues_wall_a
Lair:1:   layout_gridlike
Lair:2:   layout_chaotic_city, ebering_ghost_inner_flame, wad_woods_road_05,
          minmay_lair_oklob_chamber, grunt_megastairs_3
Lair:3:   layout_regular_city, minmay_swamp_entry_wisps,
          spider_nest_entry_funnel_web, basic_altar, st_stairs_11, uniq_nergalle
Lair:4:   beast_lair_carwin_large_1, layout_cave_pods, basic_altar
Lair:5:   layout_roguey, nicolae_slime_entry_slimehenge,
          hangedman_lair_unloving_vines, st_stairs_9, uniq_snorg
Lair:6:   guppyfry_lair_end_dragon, layout_long_grid,
          hangedman_lair_tendril_chambers, infiniplex_staircase_pool_2,
          lemuel_fruit_tree
Swamp:1:  gammafunk_mikee_crab_dinner, layout_falls_marsh,
          infiniplex_staircase_pool, swamp_pool1, uniq_frances
Swamp:2:  layout_falls_marsh, hangedman_swamp_blocks, swamp_pool1,
          roderic_carrion_pond
Swamp:3:  layout_basic_swamp, portal_ice_cave_entry_pillars_four,
          nicolae_swamp_feature_on_the_river_bank, swamp_pool3, uniq_nikola,
          uniq_mara, uniq_donald
Swamp:4:  swamp_vile, layout_basic_swamp, swamp_pool1
Spider:1: gammafunk_sealed_arena, guppyfry_hornet_nest
Spider:2: layout_spider_delve, gammafunk_ghost_abyssal_escape
Spider:3: layout_spider_delve, nicolae_spider_webbed_stairs
Spider:4: grunt_spider_rune_circles
Orc:1:    layout_caves, uniq_maurice
Orc:2:    st_orc_rangers, layout_diamond_mine, serial_shops, shop
Vaults:1: hangedman_vaults_cutoff, v_misc_14, nicolae_vaults_three_branches,
          ontoclasm_vaults_tryst, st_diamondy, nicolae_vaults_what_the_h,
          nicolae_vaults_stairing_the_circle, nicolae_vaults_ring_of_whatevers,
          ontoclasm_vaults_gateway, nicolae_vaults_little_squares_6,
          grunt_vaults_hallway_short, nicolae_vaults_mini_display_case,
          layout_vaults_omnicross
Vaults:2: vaults_dpeg_cross, dpeg_vaults_monster_box, hangedman_vaults_capsules,
          nicolae_vaults_statue_guard, ontoclasm_vaults_claustrophobia,
          v_rooms_2, ontoclasm_vaults_idyll, hangedman_vaults_locks,
          vaults_room_stairs_pillars, vaults_mumra_minichess,
          vaults_room_corners, vaults_dpeg_hooks, layout_vaults_ring,
          portal_desolation_entry_salt, serial_shops, nicolae_shop_waterfront,
          uniq_mennas
Desolation

Skill      XL: |  1  2  3  4  5  6  7  8  9 10 11 12 13 14 15 16 17 18 19 20 |
---------------+-------------------------------------------------------------+-----
Dodging        | 2 4 5 7 9 10 | 10.9
Stealth        | 3 6 10 | 10.0
Earth Magic    | 4 5 7 9 11 12 13 14 | 14.0
Armour         | 1 2 3 7 8 10 12 14 15 | 15.3
Shields        | 1 2 3 8 9 |  9.0
Spellcasting   | 4 8 10 | 10.0
Fighting       | 4 7 9 10 12 14 15 16 | 16.8
Invocations    | 6 8 10 | 10.0
Evocations     | 3 6 7 10 | 10.0
Ice Magic      | 5 6 8 |  8.1
Summonings     | 5 |  5.0
Transmutations | 3 |  3.0
Long Blades    | 3 8 9 |  9.0
Necromancy     | 6 8 |  8.1

Action                   |  1- 3 |  4- 6 |  7- 9 | 10-12 | 13-15 | 16-18 | 19-21 || total
-------------------------+-------+-------+-------+-------+-------+-------+-------++-------
Melee: Dagger            |    69 |    56 |       |       |       |       |       ||   125
       Falchion          |       |    98 |    31 |     1 |       |       |       ||   130
       Long sword        |       |       |       |    10 |       |       |       ||    10
       Great sword       |       |       |       |    53 |   218 |   569 |   392 ||  1232
       Staff             |       |       |       |       |     2 |     1 |     1 ||     4
Throw: Dart              |       |       |       |     4 |     1 |    13 |       ||    18
 Cast: Sandblast         |    27 |     3 |    19 |    11 |    24 |     7 |       ||    91
       Stone Arrow       |     3 |     7 |    64 |   110 |   157 |    93 |    41 ||   475
       Lee's Rapid Decon |       |       |    47 |   131 |   205 |   167 |   119 ||   669
       Ozocubu's Armour  |       |       |       |     3 |    28 |    29 |    10 ||    70
       Petrify           |       |       |       |     2 |    20 |     1 |       ||    23
       Summon Ice Beast  |       |       |       |       |    24 |    49 |    26 ||    99
       Passage of Golubr |       |       |       |       |     1 |     3 |       ||     4
       Simulacrum        |       |       |       |       |       |    42 |    22 ||    64
       Borgnjor's Vile C |       |       |       |       |       |    90 |    33 ||   123
       Death Channel     |       |       |       |       |       |    27 |    26 ||    53
       Frozen Ramparts   |       |       |       |       |       |       |     2 ||     2
Invok: Bend Time         |       |       |       |       |       |       |     1 ||     1
       Slouch            |       |       |       |       |       |       |     1 ||     1
 Abil: Dig               |       |       |       |     4 |    13 |    17 |    18 ||    52
Evoke: Wand              |       |       |       |     3 |    10 |     5 |     1 ||    19
       Lightning rod     |       |       |       |       |     8 |       |       ||     8
       Box of beasts     |       |       |       |       |       |     1 |       ||     1
       Condenser vane    |       |       |       |       |       |     1 |     1 ||     2
  Use: Scroll            |     1 |     9 |     8 |     6 |    17 |     8 |     4 ||    53
       Potion            |       |       |       |     1 |     7 |     9 |    12 ||    29
 Stab: Sleeping          |     1 |     5 |     1 |       |       |     4 |     6 ||    17
       Petrified         |       |       |       |     8 |     3 |     3 |       ||    14
       Petrifying        |       |       |       |     2 |       |       |       ||     2
       Distracted        |       |       |       |       |       |    13 |     3 ||    16
       Invisible         |       |       |       |       |       |     2 |       ||     2
       Paralysed         |       |       |       |       |       |     1 |       ||     1
Armor: Ring mail         |    20 |    38 |    16 |       |       |       |       ||    74
       Swamp dragon scal |       |       |       |    39 |   158 |   274 |   225 ||   696
Dodge: Dodged            |    30 |    70 |    26 |    69 |   220 |   440 |   554 ||  1409
Block: Buckler           |     8 |    27 |    14 |    32 |    50 |       |       ||   131
       Kite shield       |       |       |       |       |   200 |   681 |   487 ||  1368
       Rpst.: Falchion   |       |    15 |     7 |       |       |       |       ||    22
       Great sword       |       |       |       |    20 |    34 |    88 |    64 ||   206
       Long sword        |       |       |       |     2 |       |       |       ||     2

Table legend: (Time is in decaauts)
 A = Elapsed time spent in this place.
 B = Non-inter-level travel time spent in this place.
 C = Inter-level travel time spent in this place.
 D = Time resting spent in this place.
 E = Time spent auto-exploring this place.
 F = Levels seen in this place.
 G = Mean time per level.
                   A        B        C        D        E       F      G
               +--------+--------+--------+--------+--------+-----+--------+
         Total |  78721 |  74105 |   4616 |  24755 |  37043 |  41 | 1920.0 |
       Dungeon |  34208 |  32071 |   2137 |  10611 |  17174 |  15 | 2280.5 |
          Lair |  16329 |  15222 |   1107 |   4881 |   8227 |   6 | 2721.5 |
         Swamp |   9331 |   8721 |    610 |   3316 |   3731 |   4 | 2332.8 |
   Spider Nest |   8269 |   7820 |    449 |   2671 |   3954 |   4 | 2067.2 |
  Orcish Mines |   3098 |   2995 |    103 |    923 |   1414 |   2 | 1549.0 |
        Vaults |   3578 |   3369 |    209 |    700 |   1931 |   2 | 1789.0 |
         Abyss |    708 |    708 |      0 |      0 |      0 |   4 |  177.0 |
         Sewer |    274 |    274 |      0 |     85 |    127 |   1 |  274.0 |
       Ossuary |    946 |    946 |      0 |    560 |    198 |   1 |  946.0 |
      Ice Cave |   1820 |   1820 |      0 |    901 |    271 |   1 | 1820.0 |
    Desolation |    154 |    154 |      0 |    107 |     14 |   1 |  154.0 |
               +--------+--------+--------+--------+--------+-----+--------+

Top non-repeatable levels by time:
  Lair:6: 4403 daAuts
    D:14: 4204 daAuts
    D:13: 4136 daAuts
Vaults:1: 3517 daAuts
Spider:4: 3269 daAuts
    D:11: 3099 daAuts
    D:10: 2829 daAuts
 Swamp:1: 2698 daAuts
  Lair:4: 2689 daAuts
    D:15: 2665 daAuts
  Lair:2: 2581 daAuts
Spider:1: 2368 daAuts
     D:8: 2348 daAuts
  Lair:3: 2329 daAuts
 Swamp:4: 2315 daAuts
